 Dungeon Sprint DCSS version bcrawl-1.23 (webtiles) character file.

Game seed: 13463690721374580590

54029 MordorOrchid the Acrobat (level 14, -1/112 HPs)
             Began as a Fairy Air Elementalist on May 31, 2020.
             Was an Initiate of Gozag.
             Slain by a juggernaut (27 damage)
             ... in the Dungeon (Sprint IX: "|||||||||||||||||||||||||||||").
             The game lasted 00:27:30 (2640 turns).

MordorOrchid the Acrobat (Fairy Air Elementalist)   Turns: 2640, Time: 00:27:31

Health: -1/112     AC: 15    Str:  6    XL:     14   Next: 71%
Magic:  5/49       EV: 32    Int: 34    God:    Gozag
Gold:   4058       SH: 17    Dex: 13    Spells: 21/53 levels left

rFire    . . .     SeeInvis +   w - +10 short sword of Symmetry {pierce, rF- MR++ MP+9 Int+2 Stlth-}
rCold    . . .     Gourm    .   G - +1 buckler of Mayduh {*Drain rElec Regen+ Int+6}
rNeg     + . .     Faith    .   (armour unavailable)
rPois    .         Spirit   .   B - +0 helmet
rElec    +         Reflect  .   t - +0 cloak
rCorr    .         Harm     .   A - +0 pair of gloves
MR       +++..     NoTele   +   s - +0 pair of boots
Stlth    ..........             H - amulet of Huwkawn {RegenMP rF+ rN+ Int+2}
HPRegen  0.68/turn              M - +4 ring of protection
MPRegen  0.56/turn              L - ring of see invisible

@: gold aura, flying evasively, very slightly contaminated
A: small, magic attunement, unstealthy, unfitting armour, able to fly, AC/SH +7
a: Stop Flying, Potion Petition, Call Merchant, Bribe Branch, Renounce Religion


You were in the Dungeon.
You worshipped Gozag.
Gozag was most pleased with you.
You were not hungry.

You visited 1 branch You collected 8787 gold pieces.
You spent 4156 gold pieces at shops.
You paid 573 gold pieces to Gozag.

Inventory:

Hand Weapons
 o - a +2 morningstar of protection
 p - a +4 quarterstaff of speed
 v - the +7 Singing Sword {slice}
   (You found it in the Dungeon)

   It inflicts extra damage upon your enemies.
 w - the +10 short sword of Symmetry (weapon) {pierce, rF- MR++ MP+9 Int+2 Stlth-}
   (You found it in the Dungeon)

   It inflicts extra damage upon your enemies.
   It affects your intelligence (+2).
   It makes you vulnerable to fire.
   It affects your resistance to hostile enchantments.
   It affects your magic capacity (+9).
   It makes you less stealthy.
 y - a +4 rapier of draining
 C - a +0 blowgun
 Q - a +4 scimitar of flaming
Missiles
 a - a throwing net {!f}
 D - 2 curare-tipped needles
 E - 139 tomahawks (quivered)
 R - 114 arrows
 S - 164 bolts
 T - 241 sling bullets
Armour
 s - a +0 pair of boots (worn)
 t - a +0 cloak (worn)
 A - a +0 pair of gloves (worn)
 B - a +0 helmet (worn)
 G - the +1 buckler of Mayduh (worn) {*Drain rElec Regen+ Int+6}
   (You bought it in a shop in the Dungeon)

   It affects your intelligence (+6).
   It insulates you from electricity.
   It increases your rate of regeneration.
   It causes draining when unequipped.
Magical Staves
 n - an uncursed staff of energy
Jewellery
 u - a +2 ring of protection
 H - the amulet of Huwkawn (around neck) {RegenMP rF+ rN+ Int+2}
   (You bought it in a shop in the Dungeon)

   [amulet of magic regeneration]

   It increases your magic regeneration.
   It affects your intelligence (+2).
   It protects you from fire.
   It protects you from negative energy.
 I - a +4 amulet of reflection
 J - an uncursed ring of resist corrosion
 K - an uncursed amulet of rage
 L - a ring of see invisible (right hand)
 M - a +4 ring of protection (left hand)
Wands
 m - a wand of iceblast (10)
Scrolls
 i - 5 scrolls of blinking
 k - 6 scrolls of remove curse
 l - 2 scrolls of amnesia
 x - 5 scrolls of enchant armour
 z - 8 scrolls of identify
 F - a scroll of fear
 P - 2 scrolls of enchant weapon
Potions
 b - a potion of flight
 c - 7 potions of heal wounds
 d - a potion of mutation
 f - 2 potions of haste
 g - 4 potions of magic
 h - a potion of berserk rage
 j - 4 potions of curing
 q - 3 potions of brilliance
 r - a potion of agility
 O - a potion of might
Comestibles
 e - 20 rations {!d}


   Skills:
 * Level 16.0 Fighting
 - Level 5.0 Short Blades
 * Level 22.4 Dodging
 - Level 1.5 Stealth
 - Level 10.0 Shields
 - Level 20.0 Spellcasting
 - Level 16.5 Conjurations
 - Level 2.1 Charms
 - Level 4.0 Summonings
 - Level 10.2 Necromancy
 - Level 16.3 Air Magic
 - Level 10.2 Earth Magic
 - Level 5.2 Evocations


You had 21 spell levels left.
You knew the following spells:

 Your Spells              Type           Power        Failure   Level  Hunger
a - Shock                 Conj/Air       #####        0%          1    None
b - Airstrike             Air            #######...   1%          4    None
c - Call Canine Familiar  Summ           ######..     1%          3    None
f - Lightning Bolt        Conj/Air       #######...   1%          5    None
j - Summon Lightning Spi  Summ/Air       #######.     1%          5    None
k - Regeneration          Chrm/Necr      ######....   1%          3    None
r - Static Discharge      Air            #######.     0%          3    None
w - Swiftness             Chrm/Air       #######.     1%          2    None
E - Borgnjor's Vile Clut  Necr/Erth      #######...   4%          6    None

Your spell library contained the following spells:

 Spells                   Type           Power        Failure   Level  Hunger
 Animate Skeleton         Necr           N/A          1%          1    None
 Pain                     Necr           ######       1%          1    None
 Summon Small Mammal      Summ           ####         1%          1    None
 Call Imp                 Summ           ######       1%          2    None
 Vampiric Draining        Necr           #######...   1%          3    None
 Animate Dead             Necr           N/A          1%          4    None
 Bolt of Draining         Conj/Necr      #######...   1%          5    None
 Recall                   Summ/Tloc      N/A          2%          3    None
 Summon Ice Beast         Ice/Summ       #####...     8%          4    None
 Death Channel            Chrm/Necr      ######....   22%         6    None
 Simulacrum               Ice/Necr       ######....   32%         6    None


Dungeon Overview and Level Annotations

Branches:
Dungeon (1/1)

Altars:
Cheibriados
Dithmenos
Elyvilon
Fedhas
Gozag
Hepliaklqana
Kikubaaqudgha
Lugonu
Makhleb
Nemelex Xobeh
Okawaru
Qazlal
Ru
Sif Muna
Trog
Uskayaw
Vehumet
Wu Jian
Xom
Yredelemnul
Zin
The Shining One
Beogh
Jiyva

Shops:
D [=?:


Innate Abilities, Weirdness & Mutations

Your spells do not cause hunger and MP costs are reduced by 1.
Your bright wings attract enemies. (Stealth-)
You cannot fit into any form of body armour.
Your shimmering scales are hard and can block incoming attacks. (AC +7, SH +7)
You are small and have problems with some larger weapons.
You can fly continuously.


Message History

An ettin comes into view.
It is wielding a +0 dire flail and a +4 dire flail of protection.
Casting: Lightning Bolt (safe; 1% risk of failure)
Confirm with . or Enter, or press ? or * to list all spells.
Aiming: Borgnjor's Vile Clutch (safe; 4% risk of failure)
Press: ? - help, Dir - move target cursor, f - juggernaut
Aim: a juggernaut (black smoke, severely wounded) Decaying hands burst forth from the earth!
Zombie hands grab the juggernaut.
The ettin shouts in stereo!
The zombie hands constrict the juggernaut!
The juggernaut hits you!!!
* * * LOW HITPOINT WARNING * * *
You are shoved backwards!
The zombie hands lose their grip on the juggernaut.
Casting: Borgnjor's Vile Clutch (safe; 4% risk of failure)
Confirm with . or Enter, or press ? or * to list all spells.
You don't have enough magic to cast that spell.
You block the juggernaut's attack. The juggernaut hits you!!
You die...
Your body crumbles into a pile of gold.

▓$▓.▓)▓.▓)▓.▓)▓)▓.
▓C▓.▓)▓.▓)▓.▓)▓.▓.
▓.▓.▓)▓.▓)▓.▓)▓.▓.
▓.▓.▓'▓.▓)▓.▓)▓.▓(
▓.▓.▓.▓.▓=▓.▓.▓.▓.
▓.▓.▓.▓.▓=▓.▓)▓.▓.
▓.▓.▓.▓.▓.▓.▓.▓.▓.
▓C▓.▓.▓.▓.▓.▓.▓.▓.
▓@▓.▓.▓.▓.▓.▓.▓.▓.
▓.▓.▓.▓.▓'▓.▓.▓.▓.
▓.▓.▓.▓.▓.▓.▓.▓.▓.
▓.▓.▓.▓.▓.▓.▓.▓.▓'
▓.▓.▓.▓.▓.▓.▓.▓.▓.
▓.▓.▓.▓.▓.▓.▓.▓.▓.
▓.▓.▓.▓.▓.▓.▓.▓.▓.
▓.▓.▓.▓.▓.▓.▓.▓.▓.
▓.▓.▓.▓.▓.▓.▓.▓.▓.


You could see a juggernaut and an ettin.

Vanquished Creatures
  Saint Roka (D)
  Rupert (D)
  A lich (D)
  A frost giant (D)
  A fire giant (D)
  A very ugly thing (D)
  3 spark wasps (D)
  Azrael (D)
  A merfolk javelineer (D)
  2 merfolk impalers (D)
  2 fire dragons (D)
  Josephine (D)
  A great orb of eyes (D)
  Erolcha (D)
  A centaur warrior (D)
  A naga warrior (D)
  A satyr (D)
  A catoblepas (D)
  A two-headed ogre (D)
  2 hydras (D)
  3 ogre magi (D)
  A deep troll earth mage (D)
  A tengu warrior (D)
  Sonja (D)
  A spriggan (D)
  4 deep trolls (D)
  A spriggan druid (D)
  A harpy (D)
  2 necromancers (D)
  A mana viper (D)
  A deep elf mage (D)
  A salamander (shapeshifter) (D)
  2 black mambas (D)
  A merfolk siren (D)
  7 elephants (D)
  2 naga magi (D)
  2 cane toads (D)
  3 yaktaurs (D)
  2 komodo dragons (D)
  A freezing wraith (D)
  2 efreet (D)
  7 trolls (D)
  A merfolk (D)
  3 jumping spiders (D)
  A slime creature (D)
  A hornet (D)
  3 hippogriffs (D)
  A dream sheep (D)
  A redback (D)
  4 wraiths (D)
  2 tarantellas (D)
  A wyvern (D)
  A shadow (D)
  2 basilisks (D)
  A vampire (D)
  A fire elemental (D)
  A warg (D)
  2 crocodiles (D)
  5 hell hounds (D)
  18 orc warriors (D)
  A centaur (D)
  3 bullfrogs (D)
  A scorpion (D)
  A howler monkey (D)
  A crimson imp (D)
  A hound (D)
  3 orc priests (D)
  2 orc wizards (D)
  2 worker ants (D)
  An adder skeleton (D)
  A leopard gecko (D)
  7 orcs (D)
  A bat (D)
  A hobgoblin (D)
  A jackal (D)
  A frilled lizard (D)
  A kobold (D)
150 creatures vanquished.

Vanquished Creatures (collateral kills)
  A nagaraja (D)
  A spriggan defender (D)
  A very ugly thing (D)
  Snorg (D)
  A shambling mangrove (D)
  An anaconda (D)
  A merfolk avatar (D)
  An ogre mage (D)
  A spriggan berserker (D)
  A salamander mystic (D)
  A naga ritualist (D)
  A swamp dragon (D)
  3 elephants (D)
  A merfolk siren (D)
  A tyrant leech (D)
  3 bog bodies (D)
  An orc wizard (D)
21 creatures vanquished.

Grand Total: 171 creatures vanquished

Notes
Turn   | Place    | Note
-------+----------+-------------------------------------------
     0 | D        | MordorOrchid the Fairy Air Elementalist began the quest for
                  | the Orb.
     0 | D        | Reached XP level 1. HP: 11/11 MP: 6/6
     5 | D        | Reached skill level 1 in Fighting
     6 | D        | Reached skill level 3 in Dodging
     9 | D        | Reached skill level 4 in Dodging
    26 | D        | Noticed a scorpion
    26 | D        | Noticed a crimson imp
    26 | D        | Noticed a howler monkey
    26 | D        | Noticed a hound
    27 | D        | Reached XP level 2. HP: 19/19 MP: 7/7
    31 | D        | Reached skill level 5 in Dodging
    31 | D        | Reached skill level 5 in Air Magic
    31 | D        | Reached XP level 3. HP: 24/24 MP: 8/10
    32 | D        | Reached skill level 6 in Dodging
    32 | D        | Reached XP level 4. HP: 29/29 MP: 9/12
    41 | D        | Reached skill level 5 in Spellcasting
    58 | D        | Reached skill level 7 in Dodging
    58 | D        | Reached skill level 5 in Conjurations
    58 | D        | Reached XP level 5. HP: 19/34 MP: 13/15
    75 | D        | Found a roughly hewn altar of Beogh.
    75 | D        | Found a snail-covered altar of Cheibriados.
    75 | D        | Found a shadowy altar of Dithmenos.
    75 | D        | Found a white marble altar of Elyvilon.
    75 | D        | Found a blossoming altar of Fedhas.
    75 | D        | Found an opulent altar of Gozag.
    76 | D        | Found a hazy altar of Hepliaklqana.
    77 | D        | Found a viscous altar of Jiyva.
    78 | D        | Found an ancient bone altar of Kikubaaqudgha.
    79 | D        | Found a corrupted altar of Lugonu.
    80 | D        | Found a burning altar of Makhleb.
    81 | D        | Found a sparkling altar of Nemelex Xobeh.
    82 | D        | Found an iron altar of Okawaru.
    83 | D        | Became a worshipper of Gozag Ym Sagoz the Greedy
    84 | D        | Found a stormy altar of Qazlal.
    85 | D        | Found a sacrificial altar of Ru.
    86 | D        | Found a shimmering blue altar of Sif Muna.
    87 | D        | Found a bloodstained altar of Trog.
    88 | D        | Found a hide-covered altar of Uskayaw.
    89 | D        | Found a radiant altar of Vehumet.
    90 | D        | Found an ornate altar of the Wu Jian Council.
    91 | D        | Found a shimmering altar of Xom.
    92 | D        | Found a basalt altar of Yredelemnul.
    93 | D        | Found a glowing silver altar of Zin.
    94 | D        | Found a glowing golden altar of the Shining One.
   140 | D        | Learned a level 5 spell: Lightning Bolt
   145 | D        | Learned a level 4 spell: Airstrike
   148 | D        | Learned a level 2 spell: Swiftness
   152 | D        | Learned a level 3 spell: Static Discharge
   155 | D        | Noticed a troll
   155 | D        | Noticed a two-headed ogre
   155 | D        | Noticed a shadow
   159 | D        | Reached skill level 5 in Evocations
   164 | D        | Killed a shadow
   164 | D        | Reached skill level 8 in Dodging
   164 | D        | Reached XP level 6. HP: 36/42 MP: 15/17
   167 | D        | Killed a two-headed ogre
   167 | D        | Reached skill level 9 in Dodging
   167 | D        | Reached XP level 7. HP: 42/49 MP: 15/20
   167 | D        | Reached XP level 8. HP: 47/54 MP: 16/22
   170 | D        | Killed a troll
   170 | D        | Reached skill level 10 in Dodging
   199 | D        | Noticed a freezing wraith
   199 | D        | Noticed an efreet
   199 | D        | Noticed a vampire
   199 | D        | Noticed a centaur warrior
   208 | D        | Killed a freezing wraith
   208 | D        | Reached skill level 10 in Conjurations
   209 | D        | Killed a centaur warrior
   209 | D        | Reached skill level 11 in Dodging
   209 | D        | Reached skill level 10 in Spellcasting
   209 | D        | Reached XP level 9. HP: 23/60 MP: 14/25
   209 | D        | Killed an efreet
   315 | D        | Got the +10 short sword of Symmetry {pierce, rF- MR++ MP+9
                  | Int+2 Stlth-}
   420 | D        | Noticed a seven-headed hydra
   420 | D        | Noticed a cane toad
   420 | D        | Noticed a komodo dragon
   421 | D        | Killed a komodo dragon
   421 | D        | Reached skill level 5 in Fighting
   422 | D        | Reached skill level 12 in Dodging
   422 | D        | Reached XP level 10. HP: 63/66 MP: 27/27
   422 | D        | Noticed a four-headed hydra
   423 | D        | Noticed a black mamba
   424 | D        | Killed a cane toad
   425 | D        | Killed a four-headed hydra
   425 | D        | Killed a black mamba
   427 | D        | Killed a seven-headed hydra
   427 | D        | Reached skill level 13 in Dodging
   427 | D        | Reached skill level 15 in Air Magic
   445 | D        | Bought a book of Callings for 420 gold pieces
   451 | D        | Learned a level 5 spell: Summon Lightning Spire
   541 | D        | Learned a level 3 spell: Call Canine Familiar
   543 | D        | Noticed a catoblepas
   543 | D        | Noticed an elephant
   545 | D        | Reached skill level 1 in Summonings
   545 | D        | Killed an elephant
   545 | D        | Noticed an elephant
   546 | D        | Reached XP level 11. HP: 75/75 MP: 22/30
   547 | D        | Reached skill level 5 in Short Blades
   548 | D        | Killed a catoblepas
   548 | D        | Reached skill level 15 in Conjurations
   571 | D        | Bought a book of Necromancy for 420 gold pieces
   575 | D        | Learned a level 3 spell: Regeneration
   694 | D        | Reached skill level 1 in Charms
   694 | D        | Reached skill level 1 in Necromancy
   695 | D        | Reached skill level 14 in Dodging
   818 | D        | Bought a book of Unlife for 910 gold pieces
   825 | D        | Learned a level 6 spell: Borgnjor's Vile Clutch
   881 | D        | Noticed Sonja
   888 | D        | Killed Sonja
   888 | D        | Reached skill level 1 in Earth Magic
  1013 | D        | Noticed Josephine
  1020 | D        | Killed Josephine
  1122 | D        | Noticed Erolcha
  1126 | D        | Killed Erolcha
  1255 | D        | Reached XP level 12. HP: 84/84 MP: 32/32
  1258 | D        | Reached skill level 15 in Spellcasting
  1381 | D        | Found Destriap's Magic Scroll Boutique.
  1381 | D        | Noticed a deep troll
  1381 | D        | Noticed a deep troll
  1382 | D        | Reached skill level 15 in Dodging
  1382 | D        | Reached skill level 5 in Necromancy
  1383 | D        | Killed a deep troll
  1384 | D        | Killed a deep troll
  1384 | D        | Reached skill level 5 in Earth Magic
  1386 | D        | Noticed an ogre mage
  1387 | D        | Noticed a deep troll
  1391 | D        | Killed an ogre mage
  1392 | D        | Noticed an ogre mage
  1394 | D        | Killed a deep troll
  1423 | D        | Killed an ogre mage
  1563 | D        | Noticed a deep troll
  1563 | D        | Noticed an ogre mage
  1567 | D        | Killed a deep troll
  1570 | D        | Killed an ogre mage
  1570 | D        | Reached skill level 10 in Fighting
  1572 | D        | Noticed an ogre mage
  1576 | D        | Killed an ogre mage
  1576 | D        | Reached skill level 16 in Dodging
  1583 | D        | Found Taveg's Jewellery Shop.
  1587 | D        | Found Kichix's Antique Armour Boutique.
  1591 | D        | Found Ihiequib's Food Shop.
  1598 | D        | Bought a scroll of fear for 35 gold pieces
  1627 | D        | Bought a polished buckler for 218 gold pieces
  1627 | D        | Identified the +1 buckler of Mayduh {*Drain rElec Regen+
                  | Int+6} (You bought it in a shop in the Dungeon)
  1631 | D        | Bought the amulet of Huwkawn {RegenMP rF+ rN+ Int+2} for
                  | 576 gold pieces
  1634 | D        | Bought a scroll of amnesia for 35 gold pieces
  1634 | D        | Bought a scroll of enchant armour for 75 gold pieces
  1634 | D        | Bought a scroll of remove curse for 30 gold pieces
  1634 | D        | Bought a scroll of remove curse for 30 gold pieces
  1634 | D        | Bought a scroll of identify for 20 gold pieces
  1634 | D        | Bought a scroll of identify for 20 gold pieces
  1634 | D        | Bought a scroll of identify for 20 gold pieces
  1634 | D        | Bought a scroll of identify for 20 gold pieces
  1634 | D        | Bought a scroll of identify for 20 gold pieces
  1634 | D        | Bought a scroll of identify for 20 gold pieces
  1640 | D        | Bought a ration for 70 gold pieces
  1640 | D        | Bought a ration for 70 gold pieces
  1640 | D        | Bought a ration for 70 gold pieces
  1640 | D        | Bought a ration for 70 gold pieces
  1640 | D        | Bought a ration for 70 gold pieces
  1640 | D        | Bought a ration for 70 gold pieces
  1640 | D        | Bought a ration for 70 gold pieces
  1640 | D        | Bought a ration for 70 gold pieces
  1640 | D        | Bought a ration for 70 gold pieces
  1640 | D        | Bought a ration for 70 gold pieces
  1640 | D        | Bought a ration for 70 gold pieces
  1644 | D        | Bought a +4 amulet of reflection for 297 gold pieces
  1644 | D        | Bought an uncursed ring of resist corrosion for 220 gold
                  | pieces
  1746 | D        | Found the +7 Singing Sword {slice}
  1796 | D        | Reached skill level 1 in Shields
  1797 | D        | Noticed a spriggan defender
  1802 | D        | Killed a spriggan defender
  1804 | D        | Noticed a fire dragon
  1806 | D        | Noticed a green very ugly thing
  1810 | D        | Killed a fire dragon
  1810 | D        | Noticed a white very ugly thing
  1812 | D        | Killed a green very ugly thing
  1812 | D        | Reached XP level 13. HP: 92/92 MP: 19/38
  1816 | D        | Killed a white very ugly thing
  1849 | D        | Noticed a great orb of eyes
  1852 | D        | Killed a great orb of eyes
  1935 | D        | Noticed Azrael
  1939 | D        | Killed Azrael
  1939 | D        | Reached skill level 5 in Shields
  1942 | D        | Noticed Rupert
  1945 | D        | Killed Rupert
  2058 | D        | Noticed a merfolk impaler
  2058 | D        | Noticed a merfolk javelineer
  2061 | D        | Noticed a merfolk impaler
  2061 | D        | Killed a merfolk javelineer
  2061 | D        | Reached skill level 10 in Earth Magic
  2067 | D        | Killed a merfolk impaler
  2067 | D        | Reached skill level 10 in Shields
  2067 | D        | Killed a merfolk impaler
  2067 | D        | Reached skill level 10 in Necromancy
  2179 | D        | Noticed a nagaraja
  2182 | D        | Reached skill level 17 in Dodging
  2182 | D        | Killed a nagaraja
  2188 | D        | Reached skill level 18 in Dodging
  2250 | D        | Noticed a spark wasp
  2250 | D        | Noticed a spark wasp
  2252 | D        | Noticed a spark wasp
  2257 | D        | Killed a spark wasp
  2257 | D        | Reached XP level 14. HP: 104/104 MP: 30/40
  2269 | D        | Reached skill level 19 in Dodging
  2450 | D        | Noticed Saint Roka
  2454 | D        | Reached skill level 20 in Dodging
  2455 | D        | Killed Saint Roka
  2523 | D        | Noticed Snorg
  2529 | D        | Killed Snorg
  2616 | D        | Learned a level 4 spell: Animate Dead
  2618 | D        | Noticed a fire giant
  2621 | D        | Reached skill level 21 in Dodging
  2621 | D        | Killed a fire giant
  2621 | D        | Reached skill level 15 in Fighting
  2626 | D        | Noticed a lich
  2627 | D        | Noticed a juggernaut
  2629 | D        | Killed a lich
  2629 | D        | Reached skill level 22 in Dodging
  2632 | D        | Noticed a frost giant
  2634 | D        | Killed a frost giant
  2640 | D        | Slain by a juggernaut

Skill      XL: |  1  2  3  4  5  6  7  8  9 10 11 12 13 14 |
---------------+-------------------------------------------+-----
Fighting       | 2 3 4 5 7 8 10 12 16 | 16.0
Dodging        | 4 5 6 7 8 9 11 12 13 14 16 18 22 | 22.4
Spellcasting   | 3 4 5 6 8 10 11 13 14 19 20 | 20.0
Conjurations   | 2 3 5 6 8 11 12 14 16 | 16.5
Air Magic      | 5 6 8 9 11 13 14 15 16 | 16.3
Evocations     | 5 |  5.2
Short Blades   | 2 4 5 |  5.0
Summonings     | 2 4 |  4.0
Charms         | 2 |  2.1
Necromancy     | 4 6 10 | 10.2
Earth Magic    | 3 8 10 | 10.2
Shields        | 3 10 | 10.0
Stealth        | |  1.5

Action                   |  1- 3 |  4- 6 |  7- 9 | 10-12 | 13-15 || total
-------------------------+-------+-------+-------+-------+-------++-------
Melee: Rapier            |       |     2 |     1 |       |       ||     3
 Cast: Shock             |    11 |    25 |    11 |    61 |    14 ||   122
       Lightning Bolt    |       |       |     3 |    59 |    37 ||    99
       Airstrike         |       |       |     2 |     7 |    41 ||    50
       Call Canine Famil |       |       |       |     2 |     4 ||     6
       Summon Lightning  |       |       |       |     7 |     7 ||    14
       Regeneration      |       |       |       |     1 |       ||     1
       Borgnjor's Vile C |       |       |       |       |     3 ||     3
Invok: Call Merchant     |       |       |       |     1 |       ||     1
  Use: Potion            |       |     2 |       |       |     1 ||     3
       Scroll            |       |       |       |     1 |     1 ||     2
 Stab: Invisible         |       |     1 |     1 |       |       ||     2
  Eat: Ration            |       |       |       |     1 |     1 ||     2
Armor: Skin              |       |     1 |     1 |     2 |     2 ||     6
Dodge: Dodged            |     7 |    12 |     8 |    10 |    11 ||    48
Block: Other             |       |     4 |     3 |    10 |       ||    17
       Buckler           |       |       |       |       |    13 ||    13
